 Dungeon Crawl Stone Soup version 0.23.2-40-g277498a001 (webtiles) character file.

Game seed: 12622339800824778373

199 Clehvi the Magician (level 5, 0/37 HPs)
             Began as a Mummy Wizard on Oct 21, 2019.
             Killed from afar by an orc wizard (9 damage)
             ... with a puff of flame
             ... on level 4 of the Dungeon.
             The game lasted 00:17:50 (5892 turns).

Clehvi the Magician (Mummy Wizard)                  Turns: 5892, Time: 00:17:50

Health: 0/37       AC:  7    Str: 10    XL:     5   Next: 48%
Magic:  2/12       EV: 11    Int: 18    God:
Gold:   205        SH:  0    Dex: 11    Spells: 0/13 levels left

rFire    x . .     SeeInvis .   b - +0 hunting sling
rCold    + . .     Gourm    .   (no shield)
rNeg     + + +     Faith    .   m - +3 leather armour
rPois    ∞         Spirit   .   o - +0 hat
rElec    .         Reflect  .   g - +0 cloak
rCorr    .         Harm     .   (no gloves)
MR       .....                  (no boots)
Stlth    +.........             (no amulet)
HPRegen  0.12/turn              (no ring)
MPRegen  0.13/turn              (no ring)

@: very slightly contaminated
A: no food or potions, fire vulnerability, cold resistance 1, negative energy
resistance 3, torment resistance, unbreathing
a: no special abilities


You were on level 4 of the Dungeon.
You were not hungry.

You visited 2 branches of the dungeon, and saw 5 of its levels.

You collected 319 gold pieces.
You spent 114 gold pieces at shops.

Inventory:

Hand Weapons
 a - a +1 short sword
 b - a +0 hunting sling (weapon)
Missiles
 d - 65 stones
 h - 38 sling bullets (quivered)
Armour
 f - a +0 buckler
 g - a +0 cloak (worn)
 m - a +3 leather armour (worn)
 o - a +0 hat (worn)
Jewellery
 e - an uncursed ring of fire {unknown}
Wands
 j - a wand of enslavement (9)
Scrolls
 c - 3 scrolls of identify
 i - 4 scrolls of teleportation
 k - a scroll of enchant weapon
 l - 2 scrolls of enchant armour {unknown}
 n - a scroll of fog {unknown}
 p - 2 scrolls of remove curse


   Skills:
 + Level 1.6 Fighting
 - Level 1.5 Dodging
 - Level 1.5 Stealth
 * Level 0.2 Shields
 + Level 4.6 Spellcasting
 - Level 2.3 Conjurations
 * Level 1.7 Summonings
 + Level 1.0 Translocations
 * Level 0.0 Fire Magic
 * Level 1.1 Air Magic
 * Level 1.4 Poison Magic


You couldn't memorise any spells.
You knew the following spells:

 Your Spells              Type           Power        Failure   Level  Hunger
a - Magic Dart            Conj           ##..         8%          1    N/A
b - Call Imp              Summ           ##......     14%         2    N/A
c - Mephitic Cloud        Conj/Pois/Air  ##......     28%         3    N/A
d - Blink                 Tloc           N/A          19%         2    N/A
e - Conjure Flame         Conj/Fire      #.......     34%         3    N/A
f - Slow                  Hex            #.......     28%         2    N/A

Your spell library contained the following spells:

 Spells                   Type           Power        Failure   Level  Hunger


Dungeon Overview and Level Annotations

Branches:
Dungeon (4/15)             Temple (1/1) D:4

Altars:
Elyvilon
Fedhas
Gozag
Hepliaklqana
Kikubaaqudgha
Makhleb
Okawaru
Ru
Sif Muna
Trog
Uskayaw
Vehumet
Xom
Yredelemnul
Zin
The Shining One

Shops:
D:4 ?[


Innate Abilities, Weirdness & Mutations

You do not eat or drink.
Your flesh is vulnerable to fire.
You are immune to poison.
Your flesh is cold resistant. (rC+)
You are immune to negative energy. (rN+++)
You are immune to unholy pain and torment.
You can survive without breathing.


Message History

A puff of frost appears from out of thin air!
The puff of frost hits you. You resist.
You hear some strange, mumbled words.
A magic dart appears from out of thin air!
The magic dart hits you!
* * * LOW HITPOINT WARNING * * *
Firing (i - inventory. (/) - cycle)
h - 40 sling bullets (quivered)
Press: ? - help, Shift-Dir - straight line
Okay, then.
Unknown command.
Firing (i - inventory. (/) - cycle)
h - 40 sling bullets (quivered)
Press: ? - help, Shift-Dir - straight line You shoot a sling bullet.
Something hits you but does no damage. x2
Firing (i - inventory. (/) - cycle)
h - 39 sling bullets (quivered)
Press: ? - help, Shift-Dir - straight line You shoot a sling bullet.
You hear some strange, mumbled words.
A puff of flame appears from out of thin air!
The puff of flame hits you! The fire burns you terribly!
You die...

<##....##...##....#####.
.....⌠....>....⌠........
#....##...##........#+
#.##..##.##..##.....).
#..##..#.#..##........
#..##.....##.........
#..#..⌠..#..........
#.........#######..
##@####..## ...#.. #{#
##... #...÷..
#.o..().........#......
#...............#......
#...............#......
#....#'#...### #......
#....#_#...# #......
#....#(#...# #......
#...)......# ......


There were no monsters in sight!

Vanquished Creatures
  A crimson imp (D:2)
  A hound skeleton (D:4)
  A gnoll (D:3)
  3 adders
  An adder zombie (D:4)
  3 worms
  2 dart slugs (D:1)
  5 leopard geckos
  2 orcs (D:4)
  A ball python (D:1)
  6 giant cockroaches
  7 goblins
  11 hobgoblins
  5 jackals
  A quokka (D:2)
  8 bats
  7 frilled lizards
  6 kobolds
  7 rats
78 creatures vanquished.

Vanquished Creatures (collateral kills)
  2 gnolls
  2 giant cockroaches
  A jackal (D:3)
5 creatures vanquished.

Grand Total: 83 creatures vanquished

Notes
Turn   | Place    | Note
-------+----------+-------------------------------------------
     0 | D:1      | Clehvi the Mummy Wizard began the quest for the Orb.
     0 | D:1      | Reached XP level 1. HP: 13/13 MP: 5/5
    36 | D:1      | Reached skill level 1 in Conjurations
   288 | D:1      | Reached XP level 2. HP: 20/20 MP: 1/7
   428 | D:1      | Learned a level 2 spell: Call Imp
   431 | D:1      | Learned a level 2 spell: Slow
  1221 | D:1      | Reached skill level 1 in Summonings
  1296 | D:1      | Reached skill level 1 in Fighting
  1652 | D:1      | Reached XP level 3. HP: 16/26 MP: 0/8
  1991 | D:2      | Learned a level 3 spell: Mephitic Cloud
  2599 | D:2      | Reached XP level 4. HP: 28/32 MP: 0/10
  2603 | D:2      | Learned a level 2 spell: Blink
  2814 | D:2      | Reached skill level 1 in Poison Magic
  3411 | D:2      | Found a white marble altar of Elyvilon.
  4328 | D:3      | Reached skill level 1 in Air Magic
  4408 | D:3      | Reached XP level 5. HP: 37/37 MP: 8/11
  4890 | D:4      | Got a faintly humming chain mail
  4965 | D:4      | Found Qoax's Magic Scroll Emporium.
  5057 | D:4      | Bought a scroll of remove curse for 39 gold pieces
  5057 | D:4      | Bought a scroll of identify for 26 gold pieces
  5447 | D:3      | Identified the +3 chain mail "Meitt" {Dex+3} (You found it
                  | on level 4 of the Dungeon)
  5464 | D:4      | Found Ukex's Armour Emporium.
  5471 | D:4      | Bought a +0 buckler for 49 gold pieces
  5682 | D:4      | Reached skill level 1 in Translocations
  5724 | D:4      | Learned a level 3 spell: Conjure Flame
  5746 | D:4      | Found a staircase to the Ecumenical Temple.
  5779 | Temple   | Entered the Ecumenical Temple
  5875 | D:4      | Found an opulent altar of Gozag.
  5892 | D:4      | Killed from afar by an orc wizard

Skill      XL: |  1  2  3  4  5 |
---------------+----------------+-----
Conjurations   | 1 2 |  2.3
Summonings     | 1 |  1.7
Fighting       | 1 |  1.6
Poison Magic   | 1 |  1.4
Air Magic      | 1 |  1.1
Translocations | 1 |  1.0
Dodging        | |  1.5
Stealth        | |  1.5
Shields        | |  0.2
Spellcasting   | |  4.6

Action                   |  1- 3 |  4- 6 || total
-------------------------+-------+-------++-------
Melee: Short sword       |    20 |    26 ||    46
 Fire: Hunting sling     |       |     8 ||     8
 Cast: Magic Dart        |   116 |   142 ||   258
       Call Imp          |     4 |     9 ||    13
       Mephitic Cloud    |       |     2 ||     2
       Conjure Flame     |       |     1 ||     1
  Use: Scroll            |       |     2 ||     2
 Stab: Distracted        |       |     1 ||     1
Armor: Robe              |    20 |    13 ||    33
       Leather armour    |       |    14 ||    14
Dodge: Dodged            |    45 |    57 ||   102
